Map: Zen ER

Players

Jarathor

  • Race: Terran Terran
  • League: Diamond
  • Spawn Location: 1:00

Legol - Winner!

  • Race: Protoss Protoss
  • Spawn Location: 7:00

VOD

Have the link to the VOD?

Description

Time

  • Played on: Dec. 27, 2019, 4:27 p.m.
  • Length: 5:10
Show
View Real Time Build Order
Export as new Build Order

Jarathor Terran 

Build Orders:  

Get SALT Encoding   

  12  0:01  SCV  
  13  0:13  SCV  
  14  0:17  Supply Depot  
  14  0:25  SCV  
  15  0:38  SCV  
  15  0:40  Barracks  
  16  0:46  Refinery  
  16  0:51  SCV  
  17  1:04  Barracks  
  17  1:06  SCV  
  18  1:18  SCV  
  19  1:30  Barracks  
  19  1:36  Supply Depot  
  19  1:40  SCV  
  19  1:46  Barracks Reactor  
  20  1:54  Barracks Tech Lab  
  20  2:02  Orbital Command  
  20  2:12  Marauder  
  22  2:21  Barracks Tech Lab  
  22  2:25  Refinery  
  22  2:27  Marine  
  23  2:33  Marine  
  24  2:43  Marine  
  24  2:44  Marauder  
  27  2:51  Marine x2  
  27  2:55  SCV  
  30  2:59  Supply Depot  
  30  3:02  Marine  
  31  3:12  SCV  
  31  3:16  Marine  
  31  3:18  Marine  
  33  3:22  Marauder  
  33  3:26  SCV  
  36  3:34  Factory  
  36  3:41  SCV  
  37  3:53  SCV  
  29  4:24  Marine x2  
  29  4:25  Marauder x2  
  29  4:30  Starport  
  35  4:42  Marine x2  
  37  4:46  Marauder x2  
  37  4:48  Factory Reactor  
  41  4:54  SCV, Supply Depot  
Show
View Real Time Build Order
Export as new Build Order

Legol Protoss - Winner!

Build Orders: 1 Gate Expand 

Get SALT Encoding   

  12  0:01  Probe  
  13  0:13  Probe  
  14  0:21  Pylon  
  14  0:25  Probe  
  15  0:39  Probe (Chrono Boost)  
  15  0:40  Gateway  
  17  0:51  Probe (Chrono Boost)  
  17  0:55  Probe (Chrono Boost)  
  18  1:00  Assimilator  
  18  1:05  Probe (Chrono Boost)  
  19  1:15  Probe (Chrono Boost)  
  20  1:20  Probe (Chrono Boost)  
  21  1:33  Cybernetics Core  
  21  1:42  Nexus  
  21  1:51  Probe  
  22  1:58  Assimilator  
  22  2:03  Probe  
  23  2:15  Pylon  
  23  2:17  Warp Gate  
  23  2:32  Stalker  
  23  2:33  Probe  
  26  2:43  Gateway  
  25  2:47  Gateway  
  25  2:57  Pylon  
  25  3:07  Stalker (Chrono Boost)  
  27  3:16  Shield Battery  
  27  3:20  Shield Battery  
  27  3:21  Pylon  
  27  3:28  Stalker  
  27  3:32  Stalker  
  31  3:35  Stalker  
  31  3:38  Probe  
  31  3:41  Probe  
  33  4:16  Stalker x3  
  39  4:18  Probe (Chrono Boost)  
  39  4:21  Probe (Chrono Boost)  
  41  4:30  Probe (Chrono Boost)  
  43  4:34  Probe (Chrono Boost)  
  43  4:35  Probe (Chrono Boost)  
  44  4:42  Stalker x3, Probe  
  51  4:53  Robotics Facility  
Tags
 
League
Diamond
Matchup
PvT
Spawn Locations
Cross Positions
Add a new tag
Caveats
  • Supply blocks, unpowered buildings, or Contaminate may cause inaccurate times.
  • Supply counts are checked every 10 seconds.